 Dungeon Crawl Stone Soup version 0.31-a0-1570-g93c622d222 (webtiles) character file.

Game seed: 14782030045066561935

33513 runemasterragnar the Peltast (level 13, -3/139 (141) HPs)
             Began as an Oni Gladiator on Jan 4, 2024.
             Was a High Priest of Okawaru.
             Slain by an orc warlord
             ... wielding a +2 long sword of electrocution
              (24 damage)
             ... on level 2 of the Orcish Mines.
             The game lasted 00:20:52 (20283 turns).

runemasterragnar the Peltast (Oni Gladiator)       Turns: 20283, Time: 00:20:53

HP:   -3/139 (141)  AC:  5    Str: 25    XL:     13   Next: 71%
MP:   12/13         EV: 13    Int:  9    God:    Okawaru [*****.]
Gold: 2176          SH: 24    Dex: 16    Spells: 9/12 levels left

rFire   + . .        J - +4 broad axe (elec)
rCold   . . .        h - +3 kite shield
rNeg    . . .        I - +2 robe {Will+}
rPois   .            c - +0 hat
rElec   +            (no cloak)
rCorr   .            (gloves unavailable)
SInv    .            (boots unavailable)
Will    ++...        w - amulet of reflection
Stlth   ++++         r - +6 ring of dexterity
HPRegen 0.43/turn    z - ring "Ygiuwot" {rElec rF+ Stlth+}
MPRegen 0.13/turn

%: reflection
@: mighty, heroic, lightly drained
A: large, unfitting armour, horns 1, tough skin 1, double potion healing,
drunken brawling
a: Renounce Religion, Heroism, Finesse, Duel


You were on level 2 of the Orcish Mines.
You worshipped Okawaru.
Okawaru was extremely pleased with you.
You visited 4 branches of the dungeon, and saw 18 of its levels.

You collected 2176 gold pieces.

Inventory:

Hand Weapons
 J - a +4 broad axe of electrocution (weapon)
Missiles
 d - 3 throwing nets
 e - a large rock (quivered)
 j - 2 javelins
Armour
 c - a +0 hat (worn)
 h - a +3 kite shield (worn)
 G - a scarf of harm
 I - a +2 robe of willpower (worn)
Jewellery
 p - a +4 ring of protection
 r - a +6 ring of dexterity (left hand)
 w - an amulet of reflection (around neck)
 z - the ring "Ygiuwot" (right hand) {rElec rF+ Stlth+}
   (You found it on level 3 of the Dungeon)

   [ring of protection from fire]

   rF+:       It protects you from fire.
   rElec:     It insulates you from electricity.
   Stlth+:    It makes you more stealthy.
 B - an amulet of the acrobat
 C - an amulet of magic regeneration
 E - a ring of wizardry
 Q - an amulet of regeneration
Talismans
 A - a talisman of death
Wands
 a - a wand of roots (3)
 b - a wand of flame (27)
 m - a wand of mindburst (2)
 n - a wand of digging (7)
 O - a wand of quicksilver (4)
Scrolls
 g - 2 scrolls of poison {unknown}
 i - 6 scrolls of teleportation
 v - 2 scrolls of amnesia {unknown}
 y - a scroll of immolation {unknown}
 F - 2 scrolls of noise
 H - a scroll of revelation {unknown}
 L - 5 scrolls of identify
 M - a scroll of brand weapon {unknown}
 N - a scroll of enchant weapon {unknown}
 P - a scroll of blinking {unknown}
Potions
 f - 2 potions of lignification
 l - 2 potions of curing
 o - 2 potions of cancellation
 q - a potion of brilliance
 t - a potion of ambrosia
 u - 3 potions of degeneration
 x - 2 potions of might
 D - 2 potions of magic
 K - 3 potions of attraction


   Skills:
 + Level 12.4(17.4) Fighting
 * Level 13.9(18.9) Axes
 + Level 9.7(14.7) Throwing
 - Level 2.7(7.7) Dodging
 * Level 15.3(20.3) Shields


You had 9 spell levels left.
You knew the following spells:

 Your Spells              Type           Power      Damage    Failure   Level
a - Stone Arrow           Conj/Erth      0%         3d7       83%         3

Your spell library contained the following spells:

 Spells                   Type           Power      Damage    Failure   Level
 Apportation              Tloc           0%         N/A       45%         1
 Necrotise                Necr           0%         1d4       45%         1
 Sting                    Conj/Alch      0%         1d3       45%         1
 Lesser Beckoning         Tloc           0%         N/A       58%         2
 Sublimation of Blood     Necr           0%         N/A       58%         2
 Dazzling Flash           Conj/Hex       0%         N/A       83%         3
 Gell's Gravitas          Tloc           0%         N/A       83%         3
 Mephitic Cloud           Conj/Alch/Air  0%         N/A       83%         3
 Teleport Other           Tloc           0%         N/A       83%         3
 Curse of Agony           Necr           0%         N/A       100%        5
 Silence                  Hex/Air        0%         N/A       100%        5
 Lehudib's Crystal Spear  Conj/Erth      0%         10d2      100%        8
 Summon Small Mammal      Summ           Unusable   N/A       N/A         1
 Call Imp                 Summ           Unusable   N/A       N/A         2
 Animate Armour           Summ/Erth      Unusable   N/A       N/A         4
 Summon Hydra             Summ           Unusable   N/A       N/A         7

Dungeon Overview and Level Annotations

Branches:
Dungeon (13/15)            Temple (1/1) D:5            Lair (2/5) D:8
    Orc (2/2) D:11
  Swamp: Lair:2-3    Shoals: Lair:2-3     Snake: Lair:2-3    Spider: Lair:2-3
    Elf: Orc:2       Vaults: D:13-14

Altars:
Ashenzari
Cheibriados
Dithmenos
Elyvilon
Fedhas
Gozag
Hepliaklqana
Kikubaaqudgha
Makhleb
Nemelex Xobeh
Okawaru
Qazlal
Ru
Sif Muna
Trog
Uskayaw
Vehumet
Wu Jian
Xom
Yredelemnul
Zin
The Shining One

Shops:
D:13 (   Orc:2 !

Portals:
Trove: D:12 (give +2 fire dragon scales)

Annotations:
D:12 exclusions: oklob plant and oklob sapling
Lair:1 exclusion: oklob plant


Innate Abilities, Weirdness & Mutations

You are too large for most types of armour.
You have a pair of small horns on your head.
You have tough skin. (AC +1)
You gain doubled healing and magic from potions.
Whenever you drink a healing potion, you attack all around you.


Message History

The orc warlord is lightly wounded.
You hear a shout!
The orc wizard gestures at you while chanting.
The magic dart hits you.
The orc warlord hits you with a +2 long sword of electrocution!
You closely miss the orc warlord. You headbutt the orc warlord.
The orc warlord is lightly wounded.
Unknown command.
You closely miss the orc warlord.
The orc warlord is lightly wounded.
The orc wizard casts a spell at you. You resist with almost no effort.
You block the orc warlord's attack.
You hit the orc warlord.
The orc warlord is lightly wounded.
You block the orc warlord's attack.
You slash the orc warlord!
You headbutt the orc warlord, but do no damage.
The orc warlord is lightly wounded.
You hit the orc knight.
Lightning courses through the orc knight!!
The orc knight hits you with a +2 long sword!!
The orc wizard points at you and mumbles some strange words.
You block the puff of flame... and reflect it back!
The puff of flame hits the orc warlord but does no damage.
You block the orc warlord's attack.
You barely miss the orc warlord. You headbutt the orc warlord!
The orc warlord is moderately wounded.
You closely miss the orc knight.
Unknown command.
You feel very mighty all of a sudden.
The orc knight hits you with a +2 long sword!!
The orc warlord hits you with a +2 long sword of electrocution!!!
* * * LOW HITPOINT WARNING * * *
You hear a shout!
You hit the orc warlord.
You headbutt the orc warlord, but do no damage.
The orc warlord is moderately wounded.
You slash the orc knight! You block the orc knight's attack.
The orc warlord hits you with a +2 long sword of electrocution!!
You die...

###### ##.##.### .
###.......##
....#..........##
............)...##
<.#.#.##.........#### #
###....#...@.o..#.
##.........oo......
#..........).......
######...####^.#.....#.#
#........# ##.#.....# #
#........# ###8...8#
#..._....# #.....#
#.......## #.....#
#.......## .......


You could see an orc warlord (strong), an orc knight (strong) and an orc wizard
(strong).

Vanquished Creatures
  2 orc warlords
  An ogre mage (Orc:2)
  A dancing weapon (Orc:1)
  A boulder beetle (D:11)
  7 two-headed ogres
  An orc high priest (Orc:1)
  3 ugly things
  2 orc knights (Orc:1)
  2 orc sorcerers (Orc:2)
  An elephant (Lair:2)
  2 kobold blastminers (Orc:1)
  Joseph (D:7)
  2 slime creatures (D:12)
  A black mamba (Lair:2)
  2 cane toads (Lair:1)
  2 gargoyles (D:12)
  2 unseen horrors
  A rime drake (Lair:1)
  5 komodo dragons
  A kobold demonologist (D:12)
  Psyche (D:8)
  4 trolls
  2 hornets
  A polar bear (Lair:2)
  Grinder (D:6)
  Sigmund (D:4)
  A shadow (D:10)
  A wyvern (Lair:1)
  A vampire (D:12)
  2 wraiths
  20 yaks
  A steam dragon (D:10)
  4 wargs
  2 vampire mosquitoes (D:12)
  2 acid dragons
  12 water moccasins
  26 orc warriors
  A sky beast (D:4)
  2 black bears (D:5)
  13 ogres
  4 centaurs
  9 wolves
  3 kobold brigands
  10 bullfrogs
  A scorpion (D:3)
  2 gnoll sergeants
  9 wights
  19 killer bees
  10 howler monkeys
  2 jellies
  3 hounds
  7 orc priests
  Ijyb (D:5)
  Jessica (D:2)
  2 iguanas (D:6)
  14 orc wizards
  2 sleepcaps
  19 adders
  9 gnolls
  2 white imps (D:7)
  2 dart slugs
  3 ribbon worms
  52 orcs
  15 ball pythons
  7 bats
  5 endoplasms
  3 giant cockroaches
  7 goblins
  6 hobgoblins
  A jackal (D:4)
  4 quokkas
  A frilled lizard (D:2)
  14 kobolds
  8 rats
395 creatures vanquished.

Vanquished Creatures (others)
  A kobold (D:12)
1 creature vanquished.

Grand Total: 396 creatures vanquished

Notes
Turn   | Place    | Note
-------+----------+-------------------------------------------
     0 | D:1      | runemasterragnar the Oni Gladiator began the quest for the
                  | Orb.
     0 | D:1      | Reached XP level 1. HP: 22/22 MP: 1/1
   186 | D:1      | Reached XP level 2. HP: 29/29 MP: 2/2
   831 | D:2      | Reached skill level 1 in Shields
   831 | D:2      | Reached XP level 3. HP: 37/37 MP: 3/3
  1328 | D:2      | Noticed Jessica
  1332 | D:2      | Killed Jessica
  1333 | D:2      | Reached XP level 4. HP: 43/45 MP: 4/4
  1551 | D:3      | Noticed a scorpion
  1557 | D:3      | Killed a scorpion
  1558 | D:3      | Reached skill level 2 in Shields
  1558 | D:3      | Reached XP level 5. HP: 30/54 MP: 5/5
  1685 | D:3      | Learned a level 3 spell: Stone Arrow
  2114 | D:3      | Identified the ring "Ygiuwot" {rElec rF+ Stlth+}
  2534 | D:4      | Noticed a sky beast
  2565 | D:4      | Killed a sky beast
  2566 | D:4      | Reached XP level 6. HP: 61/62 MP: 6/6
  2570 | D:4      | Reached skill level 3 in Shields
  2747 | D:4      | Reached skill level 5 in Axes
  3045 | D:4      | Reached XP level 7. HP: 67/71 MP: 7/7
  3251 | D:4      | Noticed Sigmund
  3260 | D:4      | Killed Sigmund
  3261 | D:4      | Reached skill level 4 in Shields
  3379 | D:4      | Reached skill level 5 in Fighting
  3875 | D:5      | Entered Level 5 of the Dungeon
  3906 | D:5      | Reached skill level 5 in Shields
  4043 | D:5      | Reached XP level 8. HP: 51/80 MP: 8/8
  4147 | D:5      | Found a staircase to the Ecumenical Temple.
  4359 | D:5      | Identified a scroll of acquirement
  4359 | D:5      | Acquired 748 gold pieces
  4449 | D:5      | Noticed Ijyb
  4455 | D:5      | Killed Ijyb
  4623 | D:5      | Reached skill level 6 in Shields
  6021 | D:6      | Found a white marble altar of Elyvilon.
  6094 | Temple   | Entered the Ecumenical Temple
  6260 | D:6      | Noticed Grinder
  6270 | D:6      | Killed Grinder
  6271 | D:6      | Reached skill level 7 in Shields
  6271 | D:6      | Reached XP level 9. HP: 74/91 MP: 9/9
  6473 | D:7      | Noticed Joseph
  6492 | D:7      | Killed Joseph
  6493 | D:7      | Reached skill level 5 in Throwing
  6493 | D:7      | Reached skill level 8 in Shields
  7396 | D:7      | Acquired a +4 broad axe of electrocution
  7765 | D:8      | Noticed a hornet
  7875 | D:8      | Killed a hornet
  7876 | D:8      | Reached skill level 9 in Shields
  8152 | D:8      | Found a staircase to the Lair.
  8459 | D:8      | Noticed Psyche
  8505 | Lair:1   | Entered Level 1 of the Lair of Beasts
  8513 | Lair:1   | Reached XP level 10. HP: 48/104 MP: 10/10
  8520 | Lair:1   | Reached skill level 10 in Shields
  8728 | Lair:1   | Noticed a cane toad
  8733 | Lair:1   | Reached skill level 11 in Shields
  8740 | Lair:1   | Killed a cane toad
  9029 | Lair:1   | Noticed a cane toad
  9033 | Lair:1   | Killed a cane toad
  9041 | Lair:1   | Reached skill level 10 in Axes
  9204 | Lair:1   | Reached XP level 11. HP: 67/115 MP: 11/11
  9392 | Lair:1   | Noticed an oklob plant
  9478 | Lair:1   | Reached skill level 12 in Shields
  9994 | Lair:2   | Noticed an eight-headed hydra
 10028 | Lair:2   | Reached skill level 13 in Shields
 10479 | D:8      | Killed Psyche
 10480 | D:8      | Reached skill level 10 in Fighting
 10793 | D:9      | Noticed a two-headed ogre
 10801 | D:9      | Killed a two-headed ogre
 11103 | D:9      | Found a hide-covered altar of Uskayaw.
 11143 | D:9      | Found a radiant altar of Vehumet.
 11146 | D:9      | Found an iron altar of Okawaru.
 11149 | D:9      | Found a broken altar of Ashenzari.
 11150 | D:9      | Found a shimmering altar of Xom.
 11150 | D:9      | Found an opulent altar of Gozag.
 11151 | D:9      | Found a glowing golden altar of the Shining One.
 11268 | D:9      | Became a worshipper of Warmaster Okawaru
 11328 | D:9      | Noticed a cyan ugly thing
 11339 | D:9      | Killed a cyan ugly thing
 11340 | D:9      | Reached XP level 12. HP: 75/126 MP: 12/12
 11662 | D:9      | Reached * piety under Okawaru
 11846 | D:10     | Entered Level 10 of the Dungeon
 12862 | D:11     | Noticed a boulder beetle
 12864 | D:11     | HP: 4/127 [boulder beetle (48)]
 13470 | D:11     | Found a staircase to the Orcish Mines.
 13832 | D:12     | Noticed a soul eater
 13849 | D:12     | Reached skill level 14 in Shields
 13853 | D:12     | Reached ** piety under Okawaru
 14115 | D:12     | Found a portal to a secret trove of treasure.
 14260 | D:12     | Noticed a two-headed ogre
 14320 | D:12     | Killed a two-headed ogre
 15234 | D:13     | Found Lougydda's Weapon Boutique.
 15234 | D:13     | Noticed a seven-headed hydra
 15613 | D:11     | Killed a boulder beetle
 15613 | D:11     | Reached *** piety under Okawaru
 16069 | Orc:1    | Entered Level 1 of the Orcish Mines
 16385 | Orc:1    | Noticed an orc high priest
 16391 | Orc:1    | Noticed a sun demon
 16395 | Orc:1    | HP: 2/130 [sun demon[an orc high priest] (8)]
 16400 | Orc:1    | Killed an orc high priest
 16873 | Orc:1    | Reached XP level 13. HP: 137/137 MP: 13/13
 16878 | Orc:1    | Reached **** piety under Okawaru
 17240 | Orc:2    | Entered Level 2 of the Orcish Mines
 17300 | Orc:2    | Noticed an orc warlord
 18137 | Orc:1    | Killed an orc warlord
 18430 | Orc:2    | Found Zeamyetz's Distillery.
 18454 | Orc:2    | Reached ***** piety under Okawaru
 18455 | Orc:2    | Reached skill level 15 in Shields
 18749 | Orc:2    | HP: 3/140 [ogre/+0 giant club (24)]
 19187 | Orc:2    | Received a gift from Okawaru
 19928 | Orc:2    | Noticed an orc warlord
 19953 | Orc:2    | Killed an orc warlord
 20269 | Orc:2    | Noticed an orc warlord
 20283 | Orc:2    | Slain by an orc warlord

Illustrated notes

Levels and vault maps discovered:
D:1:      nzn_arrival_depleted_hourglass, layout_basic,
          nicolae_kite_square_tiling_tiny
D:2:      layout_loops_cross, uniq_jessica
D:3:      layout_basic
D:4:      layout_basic, grunt_decor_fettered, minmay_manual_monstrance,
          uniq_sigmund
D:5:      layout_layer_cave, temple_statues, uniq_ijyb
D:6:      layout_loops_ring, mainiacjoe_overflow_boulevard, uniq_grinder
D:7:      layout_loops_ring, uniq_joseph
D:8:      layout_cave_pods, dpeg_oklobed_lair, minmay_stone_trees_small,
          uniq_psyche
D:9:      layout_stronghold, grunt_temple_overflow_open
D:10:     layout_big_octagon
D:11:     layout_rooms, orc_0_dummy
D:12:     layout_basic, enter_trove_6, introduction_to_nature_1
D:13:     layout_long_grid, serial_shops, nicolae_shop_bloodbath_and_beyond,
          uniq_kirke, uniq_sonja
Temple:   jpeg_temple_clearing
Lair:1:   layout_cave_pods, minmay_lair_oklob_bushes, beast_lair_carwin_7,
          infiniplex_staircase_pool_2
Lair:2:   layout_cave_pods, nicolae_spider_entry_tight_spaces, basic_altar,
          chequers_serial_rivers_micro_a, grunt_megastairs_3
Orc:1:    layout_caves, hellmonk_talismancer
Orc:2:    grunt_orc_cross, layout_diamond_mine, serial_shops, shop,
          nicolae_shop_industrial_runoff, nicolae_shop_hallway_plus, shop,
          nicolae_shop_drivethru, mines2_david, uniq_snorg

Skill      XL: |  1  2  3  4  5  6  7  8  9 10 11 12 13 |
---------------+----------------------------------------+-----
Fighting       | 3 4 5 6 7 9 10 11 12 | 12.4
Shields        | 1 2 3 5 7 9 11 13 14 15 | 15.3
Axes           | 4 5 6 7 8 10 11 12 13 | 13.9
Throwing       | 3 4 5 6 7 8 9 |  9.7
Dodging        | |  2.7

Action                     |  1- 3 |  4- 6 |  7- 9 | 10-12 | 13-15 || total
---------------------------+-------+-------+-------+-------+-------++-------
  Melee: War axe           |    72 |    97 |   236 |       |       ||   405
         Headbutt          |     7 |    15 |    52 |    96 |    53 ||   223
         Broad axe         |       |       |    29 |   434 |   198 ||   661
  Throw: Javelin           |       |       |       |       |     3 ||     3
         Large rock        |       |       |       |       |     1 ||     1
 Invoke: Heroism           |       |       |       |       |     3 ||     3
  Evoke: Wand              |       |       |     4 |     7 |     1 ||    12
    Use: Potion            |       |     1 |       |    10 |     3 ||    14
         Scroll            |       |       |    11 |     8 |     1 ||    20
   Stab: Sleeping          |     2 |     7 |    10 |     3 |     2 ||    24
         Distracted        |       |       |     1 |       |       ||     1
 Armour: Robe              |    43 |    48 |   120 |   258 |    93 ||   562
  Dodge: Dodged            |    17 |    19 |    70 |   122 |    32 ||   260
  Block: Kite shield       |    37 |    77 |   280 |   557 |   230 ||  1181
         Reflection        |       |       |     7 |    19 |    10 ||    36

Table legend: (Time is in decaauts)
 A = Elapsed time spent in this place.
 B = Non-inter-level travel time spent in this place.
 C = Inter-level travel time spent in this place.
 D = Time resting spent in this place.
 E = Time spent auto-exploring this place.
 F = Levels seen in this place.
 G = Mean time per level.
                   A        B        C        D        E       F      G
               +--------+--------+--------+--------+--------+-----+--------+
         Total |  20492 |  19888 |    604 |   6261 |  10856 |  18 | 1138.4 |
       Dungeon |  14683 |  14136 |    547 |   2915 |   9304 |  13 | 1129.5 |
        Temple |      1 |      0 |      1 |      0 |      0 |   1 |    1.0 |
          Lair |   1994 |   1957 |     37 |    529 |   1095 |   2 |  997.0 |
  Orcish Mines |   3812 |   3795 |     17 |   2817 |    457 |   2 | 1906.0 |
               +--------+--------+--------+--------+--------+-----+--------+

Top non-repeatable levels by time:
   Orc:1: 3099 daAuts
    D:12: 1660 daAuts
    D:10: 1647 daAuts
     D:6: 1563 daAuts
  Lair:1: 1469 daAuts
     D:5: 1436 daAuts
     D:4: 1384 daAuts
    D:11: 1299 daAuts
     D:9: 1086 daAuts
     D:8: 1061 daAuts
     D:3: 1043 daAuts
     D:7: 911 daAuts
     D:1: 806 daAuts
     D:2: 733 daAuts
   Orc:2: 713 daAuts
